 Dungeon Crawl Stone Soup version 0.31-a0-145-g046c7d2549 (webtiles) character file.

Game seed: 10448578118635457403

1741 promet the Basher (level 8, -2/70 HPs)
             Began as a Minotaur Fighter on May 29, 2023.
             Was a Believer of Zin.
             Slain by a kobold brigand
             ... wielding a +0 short sword of venom
              (5 damage)
             ... on level 6 of the Dungeon on June 5, 2023.
             The game lasted 00:31:38 (7587 turns).

promet the Basher (Minotaur Fighter)                Turns: 7587, Time: 00:31:38

Health: -2/70      AC:  6    Str: 21    XL:     8   Next: 77%
Magic:  7/7        EV: 12    Int:  7    God:    Zin [**....]
Gold:   170        SH:  0    Dex: 10    Spells: 6/7 levels left

rFire   + . .        a - +3 battleaxe
rCold   + . .        (shield currently unavailable)
rNeg    . . .        g - +0 steam dragon scales
rPois   +            (helmet restricted)
rElec   +            (no cloak)
rCorr   +            (no gloves)
SInv    .            (no boots)
Will    .....        (no amulet)
Stlth   +            (no ring)
HPRegen 0.31/turn    (no ring)
MPRegen 0.10/turn

%: no passive effects
@: lethally poisoned (-2 -> -8), resistant, slowed, very slow
A: horns 2, retaliatory headbutt
a: Renounce Religion, Recite, Vitalisation, Donate Gold


You were on level 6 of the Dungeon.
You worshipped Zin.
Zin was pleased with you.
You visited 2 branches of the dungeon, and saw 7 of its levels.

You collected 437 gold pieces.
You spent 147 gold pieces at shops.
You donated 120 gold pieces to Zin.

Inventory:

Hand Weapons
 a - a +3 battleaxe (weapon)
 n - a +0 war axe
 v - a +4 scimitar
 z - a +0 morningstar of protection
 D - a +4 flail
Missiles
 l - 3 javelins
 w - a stone (quivered)
Armour
 c - a +0 buckler
 g - +0 steam dragon scales (worn)
 p - a +0 chain mail
Jewellery
 j - a ring of ice
Wands
 s - a wand of paralysis (8)
 u - a wand of quicksilver (8)
 x - a wand of polymorph (5)
 B - a wand of digging (6)
Scrolls
 e - a scroll of identify
 m - 3 scrolls of teleportation
 y - a scroll of blinking
Potions
 b - 2 potions of curing {unknown}
 d - a potion of might
 f - 2 potions of mutation
 h - 4 potions of haste
 i - a potion of ambrosia {unknown}
 k - 2 potions of resistance
 o - 2 potions of lignification
 q - a potion of degeneration {unknown}
 t - a potion of cancellation {unknown}
 A - a potion of attraction
 C - a potion of brilliance


   Skills:
 + Level 6.1 Fighting
 + Level 3.4(6.2) Axes
 + Level 8.2(8.5) Maces & Flails
 + Level 1.4 Throwing
 + Level 8.0 Armour
 + Level 2.5 Dodging
 + Level 1.0 Stealth
 + Level 5.2 Shields
 + Level 0.1 Spellcasting
 + Level 0.1 Conjurations


You had 6 spell levels left.
You knew the following spells:

 Your Spells              Type           Power      Damage    Failure   Level
a - Magic Dart            Conj           0%         1d3       41%         1

Your spell library contained the following spells:

 Spells                   Type           Power      Damage    Failure   Level
 Apportation              Tloc           0%         N/A       43%         1
 Necrotise                Necr           0%         1d4       43%         1
 Summon Small Mammal      Summ           0%         N/A       43%         1
 Call Imp                 Summ           0%         N/A       56%         2
 Scorch                   Fire           0%         2d5       56%         2
 Sublimation of Blood     Necr           0%         N/A       56%         2
 Wereblood                Tmut           0%         N/A       56%         2
 Call Canine Familiar     Summ           0%         N/A       80%         3
 Gell's Gravitas          Tloc           0%         N/A       80%         3
 Inner Flame              Hex/Fire       0%         N/A       80%         3
 Mephitic Cloud           Conj/Pois/Air  0%         N/A       80%         3
 Portal Projectile        Hex/Tloc       0%         N/A       80%         3
 Teleport Other           Tloc           0%         N/A       80%         3
 Flame Wave               Conj/Fire      0%         2d4       99%         4
 Leda's Liquefaction      Hex/Erth       0%         N/A       99%         4
 Sticky Flame             Conj/Fire      0%         2d3       99%         4
 Alistair's Intoxication  Tmut/Pois      0%         N/A       100%        5
 Dispersal                Tloc           0%         N/A       100%        6
 Summon Cactus Giant      Summ           0%         N/A       100%        6
 Summon Hydra             Summ           0%         N/A       100%        7


Dungeon Overview and Level Annotations

Branches:
Dungeon (6/15)             Temple (1/1) D:5

Altars:
Gozag
Yredelemnul
Zin

Shops:
D:3 (


Innate Abilities, Weirdness & Mutations

You have a pair of horns on your head.
You reflexively headbutt those who attack you in melee.


Message History

The kobold brigand is lightly wounded.
You completely miss the kobold.
You feel sick.
You are no longer poisoned.
The kobold closely misses you.
The kobold brigand hits you with a +0 short sword of venom.
* * * LOW HITPOINT WARNING * * *
You are poisoned.
The kobold brigand hits you but does no damage.
You are more poisoned.
The kobold hits you with a +0 dagger.
* * * LOW HITPOINT WARNING * * *
You feel much better.
You feel very sick. The kobold hits you but does no damage.
The kobold brigand hits you with a +0 short sword of venom!
You are more poisoned.
You closely miss the kobold brigand.
The kobold brigand is lightly wounded.
You closely miss the kobold.
You feel extremely sick. The kobold hits you but does no damage.
The kobold brigand hits you with a +0 short sword of venom.
* * * LOW HITPOINT WARNING * * *
The kobold brigand hits you with a +0 short sword of venom.
* * * LOW HITPOINT WARNING * * *
You are more poisoned.
The kobold barely misses you. You furiously retaliate!
You headbutt the kobold!
You kill the kobold!
You barely miss the kobold brigand.
The kobold brigand is lightly wounded.
* * * LOW HITPOINT WARNING * * *
You feel extremely sick.
The kobold brigand hits you with a +0 short sword of venom!
* * * LOW HITPOINT WARNING * * *
The kobold brigand barely misses you.
You feel protected.
* * * LOW HITPOINT WARNING * * *
You feel very sick.
The kobold brigand hits you with a +0 short sword of venom.
You die...

######)#......#......#
#.#......##'###.#
#...........# ...
###......######.#..#
#...............>.
#..........# ##
########..........+
......########....#
......# #.)@.# ......#
#.#K#####.#
......########.#.......#
......#.................
......#.......K.........
#†#####.................
#.# #.....K...........
#.# #............#####
#.# #............#


You could see a kobold brigand.

Vanquished Creatures
  A steam dragon (D:6)
  2 ice beasts
  A black bear (D:5)
  5 phantoms
  6 wights (D:6)
  A howler monkey (D:4)
  7 hounds
  A jelly (D:4)
  3 iguanas
  4 gnolls
  12 adders
  A shadow imp (D:6)
  2 white imps
  An ufetubus (D:4)
  9 orcs
  9 ball pythons
  9 endoplasms
  6 giant cockroaches
  8 hobgoblins
  4 jackals (D:1)
  5 quokkas
  5 bats
  7 frilled lizards
  9 goblins
  13 kobolds
  6 rats
137 creatures vanquished.

Notes
Turn   | Place    | Note
-------+----------+-------------------------------------------
     0 | D:1      | promet the Minotaur Fighter began the quest for the Orb.
     0 | D:1      | Reached XP level 1. HP: 19/19 MP: 0/0
    80 | D:1      | Reached XP level 2. HP: 27/27 MP: 1/1
   108 | D:1      | Upgraded the game from 0.31-a0-115-g4708a659fe to
                  | 0.31-a0-128-g25add195a6
   652 | D:1      | Reached XP level 3. HP: 24/33 MP: 2/2
  1939 | D:2      | Found a faded altar of an unknown god.
  2171 | D:3      | Reached skill level 1 in Maces & Flails
  2171 | D:3      | Reached XP level 4. HP: 40/40 MP: 3/3
  2347 | D:3      | Upgraded the game from 0.31-a0-128-g25add195a6 to
                  | 0.31-a0-145-g046c7d2549
  2701 | D:3      | Found Tizum's Antique Weapon Emporium.
  2850 | D:3      | Bought a runed morningstar for 147 gold pieces
  3286 | D:4      | Noticed a phantom
  3300 | D:4      | Killed a phantom
  3301 | D:4      | Reached skill level 1 in Dodging
  3301 | D:4      | Reached XP level 5. HP: 42/47 MP: 4/4
  3437 | D:4      | Reached skill level 5 in Armour
  3450 | D:4      | Reached XP level 6. HP: 51/53 MP: 5/5
  4933 | D:4      | Reached skill level 5 in Maces & Flails
  4933 | D:4      | Reached XP level 7. HP: 51/60 MP: 6/6
  5088 | D:4      | Reached skill level 5 in Fighting
  5252 | D:5      | Entered Level 5 of the Dungeon
  5627 | D:5      | Found a staircase to the Ecumenical Temple.
  5639 | Temple   | Entered the Ecumenical Temple
  5671 | Temple   | Became a worshipper of Zin the Law-Giver
  5671 | Temple   | Reached * piety under Zin
  5672 | Temple   | Donated 91 gold pieces to Zin
  5806 | D:5      | Reached skill level 5 in Shields
  5946 | D:5      | Reached XP level 8. HP: 59/69 MP: 7/7
  6904 | D:6      | Reached skill level 1 in Throwing
  6905 | D:6      | Reached ** piety under Zin
  7271 | D:6      | Learned a level 1 spell: Magic Dart
  7305 | D:6      | Reached skill level 1 in Stealth
  7587 | D:6      | HP: 3/70 [poisoned by a kobold brigand]
  7587 | D:6      | Slain by a kobold brigand

Illustrated notes

Levels and vault maps discovered:
D:1:      amcnicky_arrival_double_pillar, layout_loops_ring
D:2:      layout_loops_corners, basic_ecumenical_altar
D:3:      layout_basic, serial_shops, nicolae_shop_crystal, serial_bayou_ford_a,
          minmay_misc_feat_secret_circle
D:4:      minmay_bubble_buster, layout_basic
D:5:      layout_basic, minmay_temple_entry_statues_fountains
D:6:      layout_basic, pf_guarded_unrand_woodcutter
Temple:   mainiacjoe_temple_hex_bubbles

Skill      XL: |  1  2  3  4  5  6  7  8 |
---------------+-------------------------+-----
Armour         | 4 5 6 8 |  8.0
Fighting       | 4 5 6 |  6.1
Shields        | 4 5 |  5.2
Axes           | 3 |  3.4
Maces & Flails | 1 3 5 6 8 |  8.2
Dodging        | 1 2 |  2.5
Throwing       | 1 |  1.4
Stealth        | 1 |  1.0
Spellcasting   | |  0.1
Conjurations   | |  0.1

Action                     |  1- 3 |  4- 6 |  7- 9 || total
---------------------------+-------+-------+-------++-------
  Melee: War axe           |    54 |       |       ||    54
         Headbutt          |    10 |    17 |    22 ||    49
         Flail             |    58 |    28 |       ||    86
         Morningstar       |       |   115 |   142 ||   257
         Battleaxe         |       |       |     6 ||     6
  Throw: Stone             |       |     7 |    21 ||    28
 Invoke: Donate Gold       |       |       |     1 ||     1
    Use: Scroll            |     3 |     6 |     3 ||    12
         Potion            |       |     1 |     4 ||     5
 Armour: Scale mail        |    29 |       |       ||    29
         Chain mail        |    18 |    77 |    71 ||   166
         Steam dragon scal |       |       |     3 ||     3
  Dodge: Dodged            |    52 |    43 |    57 ||   152
  Block: Buckler           |    24 |    32 |    30 ||    86

Table legend: (Time is in decaauts)
 A = Elapsed time spent in this place.
 B = Non-inter-level travel time spent in this place.
 C = Inter-level travel time spent in this place.
 D = Time resting spent in this place.
 E = Time spent auto-exploring this place.
 F = Levels seen in this place.
 G = Mean time per level.
                   A        B        C        D        E       F      G
               +--------+--------+--------+--------+--------+-----+--------+
         Total |   7717 |   7605 |    112 |   2208 |   2757 |   7 | 1102.4 |
       Dungeon |   7662 |   7550 |    112 |   2208 |   2754 |   6 | 1277.0 |
        Temple |     55 |     55 |      0 |      0 |      3 |   1 |   55.0 |
               +--------+--------+--------+--------+--------+-----+--------+

Top non-repeatable levels by time:
     D:4: 2144 daAuts
     D:6: 1457 daAuts
     D:1: 1131 daAuts
     D:3: 1121 daAuts
     D:2: 953 daAuts
     D:5: 853 daAuts
  Temple: 55 daAuts
